 Dungeon Crawl Stone Soup version 0.29.1-1-gd02db6906a (webtiles) character file.

Game seed: 17862278902761736554

893 mtoz the Trooper (level 8, -3/64 HPs)
             Began as a Human Wanderer on Sept 26, 2022.
             Was a Follower of Nemelex Xobeh.
             Slain by an ogre
             ... wielding a +0 giant club
              (25 damage)
             ... on level 5 of the Dungeon.
             The game lasted 00:27:02 (5818 turns).

mtoz the Trooper (Human Wanderer)                   Turns: 5818, Time: 00:27:03

Health: -3/64      AC: 14    Str: 15    XL:     8   Next: 27%
Magic:  8/8        EV:  5    Int: 13    God:    Nemelex Xobeh [*.....]
Gold:   201        SH:  0    Dex: 18    Spells: 7/7 levels left

rFire   . . .      SeeInvis +   a - +3 mace
rCold   . . .      Faith    .   (no shield)
rNeg    . . .      Spirit   .   q - +0 plate armour
rPois   .          Reflect  .   M - +1 helmet of Qalinn {Fly SInv}
rElec   .          Harm     .   (no cloak)
rCorr   .          Rampage  .   i - +0 pair of gloves
Will    .....                   (no boots)
Stlth   ..........              (no amulet)
HPRegen 0.20/turn               b - +6 ring of dexterity
MPRegen 0.11/turn               z - ring of flight

@: flying
A: no striking features
a: Renounce Religion, Draw Escape, Draw Destruction, Draw Summoning


You were on level 5 of the Dungeon.
You worshipped Nemelex Xobeh.
Nemelex Xobeh was aware of your devotion.
You visited 1 branch of the dungeon, and saw 5 of its levels.
You also visited: Sewer.

You collected 201 gold pieces.

Inventory:

Hand Weapons
 a - a +3 mace (weapon)
 m - a +0 hand axe
 D - a +2 short sword of draining
 F - a +0 flail
 H - a +0 hand axe
Missiles
 l - 64 stones
 p - 6 atropa-tipped darts
 t - 3 javelins
 x - 25 poisoned darts (quivered)
Armour
 i - a +0 pair of gloves (worn)
 q - a +0 plate armour (worn)
 M - the +1 helmet of Qalinn (worn) {Fly SInv}
   (You found it on level 4 of the Dungeon)

   SInv:      It lets you see invisible.
   Fly:       It grants you flight.
Jewellery
 b - a +6 ring of dexterity (left hand)
 e - a ring of resist corrosion
 z - a ring of flight (right hand)
 N - a +4 ring of slaying
Wands
 A - a wand of roots (13)
 O - a wand of paralysis (8)
Scrolls
 f - 2 scrolls of immolation {unknown}
 g - 2 scrolls of teleportation {unknown}
 h - a scroll of vulnerability {unknown}
 s - a scroll of enchant weapon {unknown}
 w - a scroll of poison {unknown}
 y - 3 scrolls of noise {unknown}
 E - a scroll of magic mapping {unknown}
 J - a scroll of butterflies {unknown}
 K - a scroll of blinking {unknown}
 L - a scroll of amnesia {unknown}
Potions
 c - 4 potions of attraction
 d - 2 potions of lignification
 j - 2 potions of mutation
 k - a potion of invisibility
 n - 2 potions of brilliance
 o - a potion of magic
 r - 6 potions of cancellation
 u - 2 potions of ambrosia
 v - a potion of berserk rage {unknown}
 B - 3 potions of might {unknown}
 C - a potion of haste {unknown}
 G - 3 potions of heal wounds
 I - a potion of curing


   Skills:
 + Level 6.0 Fighting
 + Level 4.4 Maces & Flails
 + Level 3.0 Throwing
 + Level 3.0 Armour
 + Level 3.3 Dodging
 + Level 3.7 Stealth
 + Level 3.0 Evocations


You had 7 spell levels left.
You didn't know any spells.
Your spell library was empty.

Dungeon Overview and Level Annotations

Branches:
Dungeon (5/15)             Temple (0/1) D:4           Sewer (visited)

Altars:
Nemelex Xobeh

Shops:
D:4 =


Message History

You sock the adder!
You kill the adder!
You barely miss the white imp. The white imp barely misses you.
You hit the white imp.
The white imp is heavily wounded.
The white imp barely misses you. The white imp hits you.
The white imp freezes you.
You sock the white imp!
You kill the white imp!
The ogre hits you but does no damage.
Things that are here:
an adder corpse; an iguana corpse You completely miss the ogre.
You barely miss the ogre.
The ogre hits you with a +0 giant club!!
You are too injured to fight recklessly!
You are too injured to fight recklessly!
The ogre attacks as you move away! The ogre hits you with a +0 giant club!
* * * LOW HITPOINT WARNING * * *
The ogre attacks as you move away! The ogre closely misses you.
There is a stone staircase leading up here.
You fly upwards.
There is a stone staircase leading down here.
You start resting.
HP restored.
Okay, then.
You fly downwards.
The ogre hits you with a +0 giant club!!
There is a stone staircase leading up, spattered with blood here.
You hit the ogre.
The ogre is lightly wounded.
The ogre hits you with a +0 giant club!
You thump the ogre!
The ogre is heavily wounded.
The ogre hits you with a +0 giant club!
You sock the ogre!
The ogre is severely wounded.
The ogre hits you with a +0 giant club!!
You die...
Your body disappears without a glow.

##.##### ####......##
##...........
##............
#.............
##.............
##########..............
).[....O................
.......@...........>....
#########...............
##...............
#................
#................
#................
##..............#
######.......###
#########


You could see an ogre.

Vanquished Creatures
  Prince Ribbit (D:5)
  A black bear (D:3)
  A phantom (D:5)
  2 kobold brigands (Sewer)
  A scorpion (D:4)
  A jelly (D:3)
  A gnoll bouda (D:4)
  An iguana (D:5)
  Robin (D:1)
  3 gnolls
  9 adders
  A white imp (D:5)
  3 worms
  3 dart slugs
  10 orcs
  13 bats
  6 endoplasms
  4 giant cockroaches
  16 goblins
  5 hobgoblins
  13 kobolds
  6 quokkas
  8 ball pythons
  9 frilled lizards
  11 rats
130 creatures vanquished.

Notes
Turn   | Place    | Note
-------+----------+-------------------------------------------
     0 | D:1      | mtoz the Human Wanderer began the quest for the Orb.
     0 | D:1      | mtoz set off with the following items: a +3 mace, a +0 pair
                  | of gloves, a potion of attraction, a +0 leather armour.
     0 | D:1      | Reached XP level 1. HP: 21/21 MP: 1/1
   181 | D:1      | Reached XP level 2. HP: 25/27 MP: 2/2
   390 | D:1      | You fall into a shaft and drop 1 floor!
   415 | D:2      | Reached XP level 3. HP: 30/33 MP: 3/3
   647 | D:1      | Reached skill level 1 in Armour
   846 | D:2      | Reached skill level 1 in Throwing
   878 | D:2      | Reached skill level 1 in Evocations
   878 | D:2      | Reached XP level 4. HP: 38/39 MP: 4/4
   917 | D:2      | Noticed Robin
  1175 | D:1      | Killed Robin
  1573 | D:2      | Reached XP level 5. HP: 44/44 MP: 5/5
  2058 | D:3      | Noticed a black bear
  2222 | D:3      | Killed a black bear
  2223 | D:3      | Reached XP level 6. HP: 34/51 MP: 6/6
  2399 | D:3      | Found a sparkling altar of Nemelex Xobeh.
  2740 | D:3      | Found a glowing drain.
  2745 | Sewer    | Entered a sewer
  3205 | Sewer    | Reached XP level 7. HP: 43/56 MP: 7/7
  3743 | D:3      | Became a worshipper of Nemelex Xobeh the Trickster
  4957 | D:4      | Found Uschiludi's Jewellery Shoppe.
  4985 | D:4      | Found a staircase to the Ecumenical Temple.
  5173 | D:4      | Identified the +1 helmet of Qalinn {Fly SInv}
  5423 | D:5      | Entered Level 5 of the Dungeon
  5448 | D:5      | Reached * piety under Nemelex Xobeh
  5451 | D:5      | Noticed Prince Ribbit
  5454 | D:5      | Killed Prince Ribbit
  5455 | D:5      | Reached XP level 8. HP: 64/64 MP: 8/8
  5493 | D:5      | Reached skill level 6 in Fighting
  5818 | D:5      | Slain by an ogre

Illustrated notes

Levels and vault maps discovered:
D:1:      wheals_arrival_shading, layout_rooms, chequers_serial_rivers_micro_b
D:2:      layout_basic, minmay_door_square, minmay_pentomino_s4, uniq_robin
D:3:      layout_basic, nemelex_spade_bored_becter, portal_sewer_entry_e,
          minmay_misc_feat_ornament, minmay_surrounded
D:4:      layout_cave_pods, minmay_temple_entry_hall, serial_shops, shop
D:5:      layout_cave_pods, serial_shops, shop, hangedman_abyss_or_decor_stabs,
          uniq_grinder, uniq_prince_ribbit1

Skill      XL: |  1  2  3  4  5  6  7  8 |
---------------+-------------------------+-----
Armour         | 1 2 3 |  3.0
Throwing       | 1 2 3 |  3.0
Evocations     | 1 2 3 |  3.0
Stealth        | 2 3 |  3.7
Dodging        | 2 3 |  3.3
Maces & Flails | 4 |  4.4
Fighting       | 6 |  6.0

Action                   |  1- 3 |  4- 6 |  7- 9 || total
-------------------------+-------+-------+-------++-------
Melee: Mace              |    75 |   175 |   110 ||   360
       Punch             |       |     2 |       ||     2
Throw: Javelin           |       |     4 |       ||     4
       Stone             |       |     3 |     1 ||     4
       Dart              |       |       |     9 ||     9
Evoke: Wand              |       |     3 |     5 ||     8
  Use: Scroll            |       |     6 |     2 ||     8
       Potion            |       |     1 |       ||     1
 Stab: Sleeping          |       |     1 |     1 ||     2
Armor: Scale mail        |    57 |   133 |     8 ||   198
       Chain mail        |       |       |    32 ||    32
       Plate armour      |       |       |    26 ||    26
Dodge: Dodged            |    59 |   135 |    46 ||   240
